 Dungeon Crawl Stone Soup version 0.29-a0-284-gf9362112df (webtiles) character file.

Game seed: 13855238724403253860

739 rabbitsville the Digger (level 7, -1/41 HPs)
             Began as an Octopode Earth Elementalist on Mar 23, 2022.
             Was an Initiate of Ashenzari.
             Shot with an arrow by a centaur (9 damage)
             ... on level 6 of the Dungeon on Mar 24, 2022.
             The game lasted 00:09:28 (5107 turns).

rabbitsville the Digger (OpEE)                      Turns: 5107, Time: 00:09:30

Health: -1/41      AC:  1    Str:  8    XL:     7   Next: 75%
Magic:  14/15      EV: 13    Int: 19    God:    Ashenzari [......]
Gold:   241        SH:  0    Dex: 12    Spells: 16/17 levels left

rFire   . . .      SeeInvis .   e - +0 dagger (speed)
rCold   . . .      Faith    .   (no shield)
rNeg    . . .      Spirit   .   (helmet restricted)
rPois   .          Reflect  .   k - amulet of Ashenzari's Blue Moon {RegenMP, Fort, Melee} (curse)
rElec   .          Harm     .   (no ring)
rCorr   .          Rampage  .   (no ring)
Will    .....                   (no ring)
Stlth   +++.......              (no ring)
HPRegen 0.13/turn               (no ring)
MPRegen 0.54/turn               (no ring)
                                (no ring)
                                (no ring)

@: no status effects
A: almost no armour, amphibious, 8 rings, camouflage 1, gelatinous body 1,
(nimble swimmer 1), tentacles
a: Renounce Religion, Shatter the Chains


You were on level 6 of the Dungeon.
You worshipped Ashenzari.
Ashenzari was noncommittal.
You visited 2 branches of the dungeon, and saw 7 of its levels.

You collected 241 gold pieces.

Inventory:

Hand Weapons
 c - a +0 spear
 e - a +0 dagger of speed (weapon)
Missiles
 a - 177 stones
Jewellery
 k - the cursed amulet of Ashenzari's Blue Moon (around mantle) {RegenMP, Fort, Melee}
   (You found it on level 3 of the Dungeon)

   [amulet of magic regeneration]

   It increases your rate of magic regeneration.
   It has a curse which improves the following skills: Fortitude: Shields.
   Melee Combat: Short Blades, Long Blades, Axes, Maces & Flails, Polearms,
   Staves and Unarmed Combat.
Scrolls
 d - a scroll of silence {unknown}
 f - 3 scrolls of immolation {unknown}
 g - 3 scrolls of identify {unknown}
 j - a scroll of magic mapping {unknown}
 n - a scroll of holy word {unknown}
 p - a scroll of torment {unknown}
 q - a scroll of amnesia {unknown}
 s - 2 scrolls of enchant weapon {unknown}
 u - a scroll of teleportation {unknown}
 v - a scroll of fog {unknown}
 w - a scroll of fear {unknown}
Potions
 b - a potion of magic
 h - a potion of curing {unknown}
 i - 3 potions of degeneration {unknown}
 l - a potion of heal wounds {unknown}
 m - 2 potions of flight {unknown}
 o - a potion of attraction {unknown}
 r - a potion of haste {unknown}
 t - a potion of might {unknown}


   Skills:
 - Level 2.0 Dodging
 - Level 2.6 Stealth
 + Level 5.7 Spellcasting
 - Level 1.0 Transmutations
 + Level 6.6 Earth Magic


You had 16 spell levels left.
You knew the following spells:

 Your Spells              Type           Power      Damage    Failure   Level
a - Sandblast             Erth           60%        2d14      1%          1

Your spell library contained the following spells:

 Spells                   Type           Power      Damage    Failure   Level
 Passwall                 Tmut/Erth      15%        N/A       3%          2
 Stone Arrow              Conj/Erth      34%        3d9       9%          3
 Petrify                  Tmut/Erth      19%        N/A       24%         4


Dungeon Overview and Level Annotations

Branches:
Dungeon (6/15)             Temple (1/1) D:4

Altars:
Ashenzari
Cheibriados
Dithmenos
Elyvilon
Fedhas
Gozag
Kikubaaqudgha
Makhleb
Nemelex Xobeh
Okawaru
Qazlal
Ru
Sif Muna
Trog
Uskayaw
Vehumet
Wu Jian
Xom
Yredelemnul
Zin
The Shining One


Innate Abilities, Weirdness & Mutations

You cannot wear most types of armour.
You are amphibious.
You can wear up to eight rings at the same time.
Your skin changes colour to match your surroundings (Stealth+).
Your rubbery body absorbs attacks. (AC +1, EV +1)
((You are camouflaged when in or above water. (Stealth+)))
You have tentacles for arms and can constrict up to eight enemies at once.


Message History

Aim: a hound (73% to hit)
The blast of sand hits the hound!
The hound is severely wounded.
A jelly comes into view.
The jelly quivers.
You hit the hound but do no damage. You grab the hound. You squeeze the hound.
The hound is almost dead.
You constrict the hound. The hound bites you.
You hit the hound.
You kill the hound!
Found a stone staircase leading down.
Aiming: Sandblast (safe; 1% risk of failure)
Press: ? - help, Q - select action, (/) - cycle Shift-Dir - straight line, f - jelly
Aim: a jelly (100% to hit)
The blast of sand hits the jelly!!
You kill the jelly!
HP restored.
A centaur is nearby!
Aiming: Sandblast (safe; 1% risk of failure)
Press: ? - help, Q - select action, (/) - cycle Shift-Dir - straight line, f - you
Okay, then.
You see here 13 gold pieces.
Found a scroll labelled UCEIHI POMIDGHE.
The centaur shouts!
The centaur shoots an arrow.
The arrow hits you!
Aiming: Sandblast (safe; 1% risk of failure)
Press: ? - help, Q - select action, (/) - cycle Shift-Dir - straight line, f - centaur
Aim: a centaur, wielding a +0 shortbow (89% to hit)
The blast of sand hits the centaur!
The centaur is heavily wounded.
The centaur shoots an arrow.
The arrow hits you!
The centaur shoots an arrow.
The arrow hits you!
* * * LOW HITPOINT WARNING * * *
Aiming: Sandblast (safe; 1% risk of failure)
Press: ? - help, Q - select action, (/) - cycle Shift-Dir - straight line, f/p - centaur
Aim: a centaur, wielding a +0 shortbow (heavily wounded, 89% to hit)
The blast of sand hits the centaur.
The centaur is almost dead.
The centaur shoots an arrow.
The arrow hits you!
You die...

........##.. ...........
............ ............
..#....c.... #.#.........
#.#........? ..
#.#$@....... ...
#.#......... #..
#...........
####..##...........
....................
..........................
...............#.......$..
#..............#..........
#..............'.........c


You could see a centaur.

Vanquished Creatures
  Eustachio (D:4)
  2 water moccasins
  A bullfrog (D:4)
  A hound (D:6)
  4 jellies
  2 iguanas
  7 adders
  A white imp (D:5)
  2 orcs
  4 endoplasms
  8 goblins
  5 hobgoblins
  9 kobolds
  4 quokkas
  7 ball pythons
  5 bats
  4 frilled lizards
  7 rats
74 creatures vanquished.

Notes
Turn   | Place    | Note
-------+----------+-------------------------------------------
     0 | D:1      | rabbitsville the Octopode Earth Elementalist began the
                  | quest for the Orb.
     0 | D:1      | Reached XP level 1. HP: 11/11 MP: 3/3
   317 | D:1      | Reached XP level 2. HP: 16/17 MP: 5/5
   865 | D:1      | Reached XP level 3. HP: 17/21 MP: 6/6
  1894 | D:2      | Reached XP level 4. HP: 27/27 MP: 8/8
  2006 | D:2      | Reached skill level 4 in Earth Magic
  2459 | D:3      | Found a radiant altar of Vehumet.
  2468 | D:3      | Found an ornate altar of the Wu Jian Council.
  3028 | D:4      | Found a staircase to the Ecumenical Temple.
  3028 | D:4      | Noticed Eustachio
  3037 | Temple   | Entered the Ecumenical Temple
  3149 | Temple   | Became a worshipper of Ashenzari the Shackled
  3184 | D:4      | Noticed a bullfrog
  3199 | D:4      | Killed a bullfrog
  3200 | D:4      | Reached XP level 5. HP: 20/31 MP: 7/10
  3389 | D:4      | Found a stormy altar of Qazlal.
  3391 | D:4      | Found a blossoming altar of Fedhas.
  3478 | D:4      | Noticed a water moccasin
  3485 | D:4      | Killed a water moccasin
  3486 | D:4      | Reached skill level 5 in Earth Magic
  3486 | D:4      | Reached XP level 6. HP: 24/36 MP: 9/12
  3807 | D:4      | Killed Eustachio
  3808 | D:4      | Reached XP level 7. HP: 41/41 MP: 10/14
  3813 | D:4      | Reached skill level 5 in Spellcasting
  3954 | D:4      | Found a glowing golden altar of the Shining One.
  4279 | D:5      | Entered Level 5 of the Dungeon
  4363 | D:5      | Reached skill level 6 in Earth Magic
  5107 | D:6      | Shot with an arrow by a centaur

Illustrated notes

Levels and vault maps discovered:
D:1:      onia_arrival_mini_spirals, layout_loops_cross
D:2:      layout_basic, nicolae_underground_beach
D:3:      layout_loops_cross, mainiacjoe_overflow_swirl
D:4:      layout_loops_ring, tso_altar, grunt_temple_overflow_forces_of_nature,
          minmay_temple_entry_sparse_star, uniq_eustachio
D:5:      layout_rooms, wad_floor_pattern_untrapped
D:6:      layout_basic, gammafunk_ghost_necromancy
Temple:   compressed_dpeg_circular_temple

Skill      XL: |  1  2  3  4  5  6  7 |
---------------+----------------------+-----
Spellcasting   | 3 4 5 |  5.7
Earth Magic    | 4 5 6 |  6.6
Dodging        | |  2.0
Stealth        | |  2.6
Transmutations | |  1.0

Action                   |  1- 3 |  4- 6 |  7- 9 || total
-------------------------+-------+-------+-------++-------
Melee: Dagger            |    84 |    25 |    34 ||   143
       Unarmed           |     4 |       |       ||     4
       Constrict         |    22 |     6 |     8 ||    36
       Tentacles         |    21 |     2 |    11 ||    34
       Spear             |     3 |       |       ||     3
       Punch             |     1 |       |     1 ||     2
 Cast: Sandblast         |     1 |    16 |    11 ||    28
Invok: Curse Item        |       |       |     1 ||     1
 Stab: Sleeping          |    12 |     5 |       ||    17
Armor: Skin              |     2 |     3 |     1 ||     6
Dodge: Dodged            |    34 |    18 |    12 ||    64

Table legend: (Time is in decaauts)
 A = Elapsed time spent in this place.
 B = Non-inter-level travel time spent in this place.
 C = Inter-level travel time spent in this place.
 D = Time resting spent in this place.
 E = Time spent auto-exploring this place.
 F = Levels seen in this place.
 G = Mean time per level.
                   A        B        C        D        E       F      G
               +--------+--------+--------+--------+--------+-----+--------+
         Total |   5057 |   4945 |    112 |    495 |   3717 |   7 |  722.4 |
       Dungeon |   4935 |   4832 |    103 |    495 |   3631 |   6 |  822.5 |
        Temple |    122 |    113 |      9 |      0 |     86 |   1 |  122.0 |
               +--------+--------+--------+--------+--------+-----+--------+

Top non-repeatable levels by time:
     D:1: 1241 daAuts
     D:4: 1230 daAuts
     D:2: 923 daAuts
     D:5: 738 daAuts
     D:3: 718 daAuts
  Temple: 122 daAuts
     D:6: 83 daAuts
